Unix NetHack Version 3.7.0-89 Work-in-progress - last build Sep 8 2023 01:29:47 (8494bff02b67719303c47e298deaa89034127798,branch:master). Game began 2023-09-22 15:23:57, ended 2023-09-22 21:24:27. unit327, chaotic male human Rogue -------- ----------- |......-######## |.......... |......| ### |.........| |......| ######### |_<.......| |......-####### # #..........| ---|---- ## ########## ###----------- ### ##---------------# # ## #|.............-### # #-.............|# # |.............|### # ---------------## --.----- ------------ -----|-- ## |....... |...(.((((.| |......| ##|......| |..((..((((| |......| #|*.....| |@d.(......| |.....>| #.......-########o-@...((...(| |......| |......| |.%(...(.(.| -------- -------- |.((.((.(..| ------------ Unit327 the Cutpurse St:13 Dx:18 Co:13 In:12 Wi:15 Ch:7 Chaotic Dlvl:3 $:0 HP:0(24) Pw:13(13) AC:7 Xp:3/45 T:1510 Lev Latest messages: What do you want to read? [hlptuwOR or ?*] This book is so dull that you can't keep your eyes open. You wake up. What do you want to read? [hlptuwOR or ?*] This book is so dull that you can't keep your eyes open. Cujo picks up a whistle called mundane. You wake up. What do you want to read? [hlptuwOR or ?*] You begin to memorize the runes. You learn the "cause fear" spell. "This is no free library, cad! You owe 360 zorkmids." Cujo drops a whistle called mundane. What do you want to put on? [sLMS or ?*] Which ring-finger, Right or Left? [rl] M - a +1 ring of protection (on right hand) (unpaid, 200 zorkmids). What do you want to put on? [sLS or ?*] You start to float in the air! S - a cursed ring of levitation (on left hand). What do you want to read? [hlptuwOR or ?*] As you read the scroll, it disappears. A goblin suddenly appears next to you! What do you want to read? [hltuwOR or ?*] As you read the scroll, it disappears. Your cloak crumbles and turns to dust! You feel that monsters no longer have difficulty pinpointing your location. What do you want to read? [ltuwOR or ?*] As you read the scroll, it disappears. This is an identify scroll. R - an uncursed scroll of light. Cujo picks up a whistle called mundane. What do you want to read? [luwOR or ?*] You read the scroll. The scroll erupts in a tower of flame! Boom! Sperc gets angry! Sperc is caught in the tower of flame! Sperc resists the tower of flame! Your leather armor smoulders! Sperc's lamp called oil catches light! "Hey! Ahem. Usage fee, 27 zorkmids." "That's in addition to the cost of Sperc's lamp called oil itself, of course." Sperc's lamp called oil catches light! "Usage fee, 20 zorkmids." "That's in addition to the cost of Sperc's lamp called oil itself, of course." Your scroll of destroy armor catches fire and burns! Your ruby potion boils and explodes! Sperc zaps a pine wand! The wand hits you! You die... Sperc takes all your possessions. Inventory: Weapons (')') b - an uncursed +0 dagger (weapon in hand) g - 6 uncursed +0 daggers (at the ready) o - an uncursed very corroded +0 orcish dagger Armor ('[') c - an uncursed burnt +1 leather armor (being worn) Comestibles ('%') v - an uncursed lichen corpse Scrolls ('?') w - an uncursed scroll of create monster R - an uncursed scroll of light Spellbooks ('+') O - an uncursed spellbook of cause fear Potions ('!') d - an uncursed potion of sickness Rings ('=') S - a cursed ring of levitation (on left hand) M - a cursed +1 ring of protection (on right hand) Tools ('(') F - an empty uncursed sack i - an uncursed bag of tricks (0:14) N - an uncursed drum of earthquake (0:6) L - an uncursed blindfold H - an uncursed expensive camera (0:45) K - an uncursed figurine of a winter wolf k - an uncursed lock pick G - an uncursed lock pick Q - an uncursed lock pick a - an uncursed magic marker (0:77) e - an uncursed magic whistle y - an uncursed oil lamp (lit) J - an uncursed oil lamp (lit) j - an uncursed tinning kit (0:83) s - an uncursed towel Unit327 the Rogue's attributes: Background: You were a Cutpurse, a level 3 male human Rogue. You were chaotic, on a mission for Kos who was opposed by Issek (lawful) and Mog (neutral). You were in the Dungeons of Doom, on level 3. You entered the dungeon 1510 turns ago. You had 45 experience points, 35 more were needed to attain level 4. Basics: You had 0 out of 24 hit points. You had all 13 energy points (spell power). Your armor class was 7. Your wallet was empty. Autopickup was on, but temporarily disabled while inside the shop. Final Characteristics: Your strength was 13 (limit:18/100). Your dexterity was 18 (limit:18). Your constitution was 13 (limit:18). Your intelligence was 12 (limit:18). Your wisdom was 15 (limit:18). Your charisma was 7 (limit:18). Final Status: You were levitating. You were not hungry. You were unencumbered. You were wielding a dagger. You had basic skill with dagger. Final Attributes: You were devoutly aligned. You were stealthy. You had a small defense bonus (+1). You were guarded. You are dead. Miscellaneous: You never encountered a bones level. Total elapsed playing time was 36 minutes and 23 seconds. Major events: Turn 1: unit327 the chaotic male human Rogue entered the dungeon 1175: attained the rank of Cutpurse (level 3) 1330: just blew up his bag of holding 1510: killed by a wand Vanquished creatures: an acid blob a large kobold a giant rat a green mold a gecko 2 kobolds a goblin 4 grid bugs 2 lichens 5 newts 19 creatures vanquished. No species were genocided or became extinct. Voluntary challenges: You read items or engraved 8 times. You never engraved Elbereth. You never genocided any monsters. You never polymorphed an object. You never changed form. You used no wishes. Achievements: You attained the rank of Cutpurse. You entered a shop. The Dungeons of Doom: levels 1 to 4 Level 1: An altar. Level 2: Level 3: <- You were here. A shop, an altar. Final resting place for you, killed by a wand. Level 4: Game over: ---------- / \ / REST \ / IN \ / PEACE \ / \ | unit327 | | 0 Au | | killed by a wand | | | | | | | | 2023 | *| * * * | * _________)/\\_//(\/(/\)/\//\/|_)_______ Goodbye unit327 the Rogue... You died in The Dungeons of Doom on dungeon level 3 with 370 points, and 0 pieces of gold, after 1510 moves. You were level 3 with a maximum of 24 hit points when you died.